[Event "Early-Titled-Tuesday-Blitz-January-16-2024"]
[Site "Chess.com"]
[Date "2024.01.16"]
[Round "8"]
[White "mertfelin"]
[Black "SujanaLohani"]
[Result "1-0"]
[WhiteElo "2224"]
[BlackElo "1992"]
[TimeControl "180+1"]
[EndTime "9:33:56 PST"]
[Termination "mertfelin won on time"]

1. e4 c5 2. Nf3 Nc6 3. Bb5 Nd4 4. Nxd4 cxd4 5. O-O g6 6. d3 Bg7 7. f4 e6 8. Nd2 Ne7 9. Nf3 O-O 10. Ba4 d5 11.
e5 Nf5 12. Qe2 Qb6 13. Qf2 Ne3 14. Re1 Rd8 15. Rb1 Bd7 16. Bxd7 Rxd7 17. Bxe3 dxe3 18.
Qxe3 d4 19. Qe2 Rc8 20. Rec1 Bh6 21. g3 Bf8 22. Nd2 Rd5 23. Ne4 Qa5 24. Nf6+ Kg7 25. Nxd5 Qxd5 26. a3 Bc5 27. Re1 Bb6 28. b4 Rc3 29.
Ra1 Qc6 30. Rec1 Qa4 31. Ra2 Rxa3 32. Rb2 Ra1 33. Qe1 Ra3 34. Rcb1 Rc3 35. Qe2 a6 36.
Rc1 Ba7 37. Qe4 Qb5 38. Rcb1 Bb6 39. Kg2 Bc7 40. h4 Qb6 41. Qe2 Qb5 42. Rh1 h5 43. Rhb1 Bb6 44. Qe4 Ba7 45. Kh3 Bb8 46. Qg2 Qa4 47.
Rb3 Qb5 48. Rxc3 dxc3 49. Qe4 Ba7 50. Re1 Qb6 51. Re2 Qg1 52. Qg2 Qd1 53. Kh2 Qc1 54.
Kh3 Qb2 55. Qxb7 Bd4 56. Qe4 Qxb4 57. Re1 a5 58. Qe2 a4 59. Ra1 a3 60. Qd1 Qb2 61.
Qb1 1-0

[Event "Early-Titled-Tuesday-Blitz-January-16-2024"]
[Site "Chess.com"]
[Date "2024.01.16"]
[Round "8"]
[White "hmatyi07"]
[Black "anasta10"]
[Result "0-1"]
[WhiteElo "2221"]
[BlackElo "2519"]
[TimeControl "180+1"]
[EndTime "9:33:59 PST"]
[Termination "anasta10 won by checkmate"]

1. e4 g6 2. d4 Bg7 3. Nc3 c6 4.
Nf3 d6 5. Be3 b5 6. Qd2 Nf6 7. Bd3 b4 8. Ne2 a5 9. h4 h5 10. Ng5 Ng4 11. Bf4 e5 12. dxe5 Nxe5 13. O-O-O O-O 14. Bxe5 Bxe5 15. f4 Bg7 16. Bc4 d5 17.
exd5 Qf6 18. Qd4 Qd6 19. Qd2 Bg4 20. Nf3 Bxf3 21. gxf3 c5 22. c3 Nd7 23. Rhg1 Nb6 24. Qd3 a4 25. f5 a3 26. b3 Nxc4 27. Qxc4 bxc3 28. Nxc3 Qf6 29. Rd3 Rfe8 30. d6 Kh8 31.
d7 Red8 32. Rgd1 Ra7 33. fxg6 fxg6 34. Qxc5 Raa8 35. Rd6 Qf4+ 36. Kb1 Qh2 37. R6d2 Qf4 38. Rd3 Qh2 39. R3d2 Qxh4 40. Nd5 Qg5 41. f4 Qf5+ 42.
Qc2 Rxd7 43. Qxf5 gxf5 44. Nb6 Rxd2 45. Rxd2 Rb8 46. Nd5 Rd8 47. Kc2 h4 48. Ne3 Rc8+ 49. Kd3 h3 50. Rh2 Kg8 51. Rxh3 Rc3+ 52. Ke2 Bd4 53. Rg3+ Kf8 54. Nxf5 Rc2+ 55. Kd3 Rxa2 56. Kxd4 Rb2 57. Kc4 a2 58. Rg1 Rb1 59. Rg2 a1=Q 60. Nd6 Rc1+ 61. Kb4 Rd1 62. Nc4 Qf6 63. Re2 Rd7 64.
Re5 Rb7+ 65. Ka3 Qxf4 66. Re8+ Kxe8 67. Na5 Qb4+ 68. Ka2 Qxa5+ 69. Kb2 Qb4 70. Ka1 Qa3+ 71. Kb1 Qxb3+ 72. Ka1 Qb2# 0-1

[Event "Early-Titled-Tuesday-Blitz-January-16-2024"]
[Site "Chess.com"]
[Date "2024.01.16"]
[Round "8"]
[White "AndresDelgado77"]
[Black "only_strong_moves"]
[Result "0-1"]
[WhiteElo "2384"]
[BlackElo "2537"]
[TimeControl "180+1"]
[EndTime "9:34:00 PST"]
[Termination "only_strong_moves won on time"]

1. e4 a6 2. d4 g6 3. a4 Bg7 4. Nf3 c5 5. dxc5 Qa5+ 6. c3 Qxc5 7. Na3 Qc7 8. Nc4 d6 9. Be3 Nd7 10. a5 Rb8 11. Nb6 Nxb6 12. Bxb6 Qc6 13. Bd3 Nf6 14.
Nd4 Qd7 15. O-O O-O 16. h3 Nh5 17. Be2 Nf4 18. Bg4 Qe8 19. g3 Nxh3+ 20. Kg2 Ng5 21. Bxc8 Qxc8 22. Qe2 Qh3+ 23. Kg1 h5 24. Qe3 Ne6 25.
Ne2 h4 26. gxh4 Qxh4 27. f4 Qg4+ 28. Kf2 Bh6 29. Ke1 Rbc8 30. Kd2 Nxf4 31. Rxf4 Bxf4 32.
Qxf4 Qxf4+ 33. Nxf4 e6 34. Ke3 Kg7 35. Rd1 Rc6 36.
Ne2 Rh8 37. Bd4+ e5 38. Bb6 Rh3+ 39. Kd2 Kf6 40. Rf1+ Ke6 41. Nc1 Rc4 42. Re1 Rh2+ 43. Kd3 Rc6 44. Re2 Rh1 45. Nb3 f5 46. exf5+ Kxf5 47. Rf2+ Ke6 48. c4 Rh3+ 49. Be3 Rc8 50. Nd2 g5 51. Ne4 Rg8 52. Rf6+ Ke7 53. Rxd6 g4 54. Rb6 g3 55. Rxb7+ Ke6 56. Rb6+ Kd7 57. Nc5+ Kc8 58. Rc6+ Kd8 59. Rd6+ Ke7 60. Rd7+ Kf6 61. Ne4+ Ke6 62. Nc5+ Kf5 63. Rf7+ Kg6 64. Re7 g2 65. Re6+ Kf7 66.
Rxe5 g1=Q 67. Rf5+ Kg6 68. Rf6+ Kxf6 69. Ne4+ Ke7 0-1

[Event "Early-Titled-Tuesday-Blitz-January-16-2024"]
[Site "Chess.com"]
[Date "2024.01.16"]
[Round "8"]
[White "ContrVersia"]
[Black "jinbojinbo"]
[Result "1/2-1/2"]
[WhiteElo "2830"]
[BlackElo "2659"]
[TimeControl "180+1"]
[EndTime "9:34:01 PST"]
[Termination "Game drawn - insufficient material"]

1. Nf3 Nf6 2. c4 e6 3. g3 d5 4. b3 c5 5. Bg2 d4 6. e3 Nc6 7. exd4 cxd4 8. O-O Be7 9. d3 O-O 10. Re1 Re8 11. Bg5 Nd7 12. Bxe7 Qxe7 13. a3 a5 14.
Nbd2 e5 15. Qc2 Nc5 16. Rab1 Bf5 17. Bf1 Nd7 18. Qb2 Nc5 19. b4 axb4 20. axb4 Nxd3 21. Bxd3 Bxd3 22. b5 Bxb1 23. bxc6 Bf5 24. Rxe5 Be6 25. cxb7 Rab8 26. Rb5 Qc7 27. Nxd4 Bxc4 28. Qc2 Rxb7 29. Qxc4 Qxc4 30. Nxc4 Rxb5 31. Nxb5 Re1+ 32. Kg2 Rb1 33. Nbd6 f6 34. Ne3 Rb6 35. Ndc4 Ra6 36. g4 h6 37.
h4 Ra4 38. h5 Kh7 39. Kg3 Rb4 40. Nd6 Ra4 41. Ndf5 Rb4 42. f3 Ra4 43. Nd5 Ra3 44. Nc7 g6 45. hxg6+ Kxg6 46. Nd5 Ra5 47. Nf4+ Kh7 48.
Kh4 Ra1 49. Ng3 Ra3 50. Ne4 Rxf3 51. Nxf6+ Kh8 52. N6d5 Rf1 53. Kh5 Rh1+ 54. Kg6 Rg1 55. Nf6 h5 56. g5 h4 57. Kh6 Rxg5 58. Kxg5 Kg7 59. Nh3 Kf7 60. Kf5 Kg7 61. Ne4 Kf7 62.
Ke5 Ke7 63. Nf6 Kd8 64. Kd6 Kc8 65. Kc6 Kd8 66. Kd6 Kc8 67. Nd5 Kd8 68. Nc7 Kc8 69. Nd5 Kb7 70. Kc5 Kc8 71. Nhf4 h3 72. Nxh3 1/2-1/2

[Event "Early-Titled-Tuesday-Blitz-January-16-2024"]
[Site "Chess.com"]
[Date "2024.01.16"]
[Round "8"]
[White "MatthewG-p4p"]
[Black "Mikasinski"]
[Result "0-1"]
[WhiteElo "2888"]
[BlackElo "2625"]
[TimeControl "180+1"]
[EndTime "9:34:01 PST"]
[Termination "Mikasinski won by resignation"]

1. e4 c5 2. Nc3 Nc6 3. Bb5 Nd4 4. Nf3 a6 5. Bd3 Nc6 6. O-O d6 7. a3 Nf6 8. Rb1 g6 9. b4 Bg7 10. h3 cxb4 11. axb4 b5 12. Re1 O-O 13. Nd5 e6 14. Nxf6+ Bxf6 15. c3 d5 16. e5 Bg7 17. Bc2 Bd7 18. d4 Rc8 19. Nd2 a5 20. bxa5 Nxa5 21.
Ba3 Rxc3 22. Bxf8 Bxf8 23. Re3 Qc7 24. Rxc3 Qxc3 25. Nb3 Nc4 26. Qd3 Qxd3 27. Bxd3 Ba3 28. Kf1 Kg7 29. Ke2 b4 30. Nd2 Nb2 31. Ba6 Na4 32.
Kd3 Nc3 33. Rb3 Nd1 34. Rb1 Nc3 35. Ra1 Na4 36. Kc2 Nb6 37. Nb1 Ba4+ 38. Kd3 Bb2 39.
Ra2 Bc1 40. Nd2 b3 41. Ra1 b2 42. Rb1 Bd1 43. Kc3 Na4+ 44. Kd3 Kf8 45. Bb5 Nb6 46. Kc3 Ke7 47. Nb3 Bxb3 48. Kxb3 f6 49. exf6+ Kxf6 50. Kc3 e5 51. Kd3 Nc8 52. Ba4 Nd6 53. Bb3 Ke6 54.
dxe5 Kxe5 55. Ba2 Ne4 56. Kc2 Nxf2 57. Bb3 Ne4 58. Ba4 Nc5 59. Bb5 d4 60. Bc4 Ke4 61. Bg8 h6 62. Kd1 g5 63. Bh7+ Ke3 64. Bg6 Na4 65.
Kc2 Nc3 66. Rxc1 bxc1=Q+ 67. Kxc1 Ne2+ 68. Kd1 Nf4 69. Be8 Nxg2 70. Bd7 Nf4 71. Bf5 d3 72.
Bc8 Nd5 73. Bg4 Nc3+ 74. Ke1 d2+ 75. Kf1 d1=Q+ 76. Bxd1 Nxd1 77. Kg2 Kf4 78. h4 g4 0-1

[Event "Early-Titled-Tuesday-Blitz-January-16-2024"]
[Site "Chess.com"]
[Date "2024.01.16"]
[Round "8"]
[White "wonderfultime"]
[Black "Volodar_Murzin"]
[Result "1-0"]
[WhiteElo "3008"]
[BlackElo "2933"]
[TimeControl "180+1"]
[EndTime "9:34:02 PST"]
[Termination "wonderfultime won by resignation"]

1. d4 d5 2. Nf3 Nf6 3. Bf4 Bf5 4. c4 e6 5. Nc3 c6 6. Qb3 Qe7 7.
e3 Qb4 8. c5 a5 9. Be2 Nbd7 10.
O-O Ne4 11. Rfc1 Be7 12. Qd1 a4 13. a3 Qa5 14. Nxe4 Bxe4 15. b4 axb3 16. Qxb3 Ra7 17. h3 O-O 18. Ra2 Rfa8 19. a4 h6 20. Bg3 Bd8 21.
Nd2 Bg6 22. Qb2 Bf6 23. Bd6 Qd8 24. Qb4 e5 25. Nb3 exd4 26. exd4 Nf8 27. Bg4 h5 28. Bf3 Ne6 29. a5 Bd3 30. Bxh5 Bc4 31. Rxc4 dxc4 32. Qxc4 Be7 33. Re2 Bxd6 34. Bxf7+ Kh8 35. Qxe6 Bf4 36. Bg6 Qf6 37. Qg4 Bh6 38. Re6 Qf4 39. Qe2 Rf8 40. g3 Qg5 41. h4 Qd5 42. Bc2 Raa8 43. Qd3 Kg8 44. Re7 Rf6 45. Qh7+ Kf8 46. Re5 Qf7 47. f4 Rd8 48. Qh8+ Qg8 49. Qxg8+ Kxg8 50. Kg2 Kf8 51.
Bd3 g6 52. Bc4 Bg7 53. Re4 Rf5 54. Kf3 Rf6 55. g4 Bh8 56. g5 Rf5 57. Be6 Rf7 58. Bxf7 Kxf7 59. Kg4 Bg7 60. h5 gxh5+ 61. Kxh5 Rh8+ 62.
Kg4 Rh1 63. Nd2 Rd1 64. Nf3 Ra1 65. Kf5 Kf8 66. g6 Rxa5 67. Ng5 b6 68. Ne6+ Kg8 69. Nxg7 Kxg7 70. Re7+ Kf8 71. Kf6 bxc5 72. g7+ 1-0

[Event "Early-Titled-Tuesday-Blitz-January-16-2024"]
[Site "Chess.com"]
[Date "2024.01.16"]
[Round "8"]
[White "whitemirrorninja"]
[Black "Flawless_Fighter"]
[Result "1-0"]
[WhiteElo "2506"]
[BlackElo "2675"]
[TimeControl "180+1"]
[EndTime "9:34:02 PST"]
[Termination "whitemirrorninja won by checkmate"]

1. b3 Nf6 2. Bb2 d5 3. f4 c5 4. Nf3 Nc6 5. e3 Bg4 6. Bb5 Rc8 7. O-O e6 8. h3 Bxf3 9. Qxf3 Be7 10. d3 O-O 11. Bxc6 Rxc6 12. Nd2 Rc8 13. a4 Qc7 14. Be5 Qd7 15. g4 Ne8 16. g5 Nd6 17. h4 f6 18.
Bxd6 Bxd6 19. Qg4 f5 20. Qg2 Qf7 21. Rae1 Rce8 22. Nf3 e5 23. fxe5 Bxe5 24. Nxe5 Rxe5 25. Rf4 Qe6 26. Qf3 Re8 27. Kf2 d4 28. e4 Qe7 29.
Re2 g6 30. Kf1 b6 31. Rf2 fxe4 32. dxe4 Rxe4 33. Rf7 Re1+ 34. Kg2 Qe4 35. Qxe4 R1xe4 36. Rxa7 R8e7 37. Rxe7 Rxe7 38. Kg3 Re3+ 39. Rf3 Re2 40. Rf6 Rxc2 41. Rxb6 Kf7 42. Kf4 Ke7 43. Ke5 Re2+ 44. Kd5 d3 45. Rb7+ Kd8 46. Kc6 d2 47. Rd7+ Kc8 48. Rd3 Kb8 49. Kxc5 Kb7 50. Kc4 Kb6 51. Kc3 Re3 52. Kxd2 Re4 53. Rh3 Rd4+ 54. Kc3 Rg4 55. h5 Rxg5 56. hxg6 hxg6 57. b4 Rg4 58. Rf3 Rg1 59. Rf6+ Kc7 60. a5 g5 61. Kc4 g4 62. a6 Re1 63. Kb5 Re5+ 64. Ka4 Rg5 65. b5 g3 66. b6+ Kd7 67. a7 g2 68.
a8=Q g1=Q 69. Qb7+ Ke8 70. Qf7+ Kd8 71. Rd6+ Kc8 72.
Qc7# 1-0

[Event "Early-Titled-Tuesday-Blitz-January-16-2024"]
[Site "Chess.com"]
[Date "2024.01.16"]
[Round "8"]
[White "IngOscarArdila"]
[Black "Ural_bogatyr"]
[Result "1/2-1/2"]
[WhiteElo "2371"]
[BlackElo "2528"]
[TimeControl "180+1"]
[EndTime "9:34:03 PST"]
[Termination "Game drawn - timeout vs insufficient material"]

1. d4 Nf6 2. c4 e6 3. Nc3 Bb4 4.
Qc2 O-O 5. Nf3 c5 6. dxc5 Nc6 7.
Bg5 h6 8. Bh4 Bxc5 9. e3 b6 10.
Be2 Bb7 11. O-O Be7 12. a3 Rc8 13. Rfd1 Na5 14. b3 d5 15. Qb2 Qc7 16. Bg3 Qd8 17.
Rac1 a6 18. cxd5 exd5 19. Nd4 Bd6 20. Bxd6 Qxd6 21. Bf3 Rfd8 22. Nce2 Qe5 23. h3 Ne4 24. Nc3 f5 25. Nxe4 dxe4 26. Be2 b5 27. Rxc8 Rxc8 28.
Rc1 Rd8 29. Rc3 Bd5 30. Qc2 Kh7 31. g3 Bg8 32. Rc5 Rd5 33. Rc7 Rxd4 34. exd4 Qxd4 35.
Qc3 Qxc3 36. Rxc3 Bxb3 37. g4 Kg6 38. gxf5+ Kxf5 39. Bg4+ Kf6 40. Rc7 Nc4 41. Rc6+ Kg5 42. Rxa6 h5 43. Be2 Kf4 44. Kg2 g5 45. Bxh5 e3 46. Be2 exf2 47. Kxf2 Nd2 48. Bxb5 Ne4+ 49. Kg2 Bd1 50. Bc6 Bf3+ 51. Kg1 Kg3 52. Bxe4 Bxe4 53.
Ra5 Kf4 54. Kh2 Bd3 55. Ra7 g4 56. hxg4 Kxg4 57. Kg2 Kf4 58. Kf2 Ke4 59. Ke1 Kd4 60. Kd1 Kc3 61. Kc1 Bc4 62. Kb1 Kb3 63. Kc1 Kc3 64.
Kd1 Bd3 65. Ke1 Bb5 66. Kf2 Kb3 67. Ke3 Ba4 68. Kd4 Be8 69. Ra8 Bc6 1/2-1/2

[Event "Early-Titled-Tuesday-Blitz-January-16-2024"]
[Site "Chess.com"]
[Date "2024.01.16"]
[Round "8"]
[White "SarochaChuemsakul"]
[Black "ScofieldMichael01"]
[Result "1-0"]
[WhiteElo "2467"]
[BlackElo "2581"]
[TimeControl "180+1"]
[EndTime "9:34:13 PST"]
[Termination "SarochaChuemsakul won by checkmate"]

1. d4 Nf6 2. c4 c5 3. d5 b5 4.
Qc2 b4 5. e4 d6 6. b3 g6 7. Bb2 Bg7 8. Nd2 O-O 9. Bd3 Nbd7 10. Ngf3 e5 11. dxe6 fxe6 12. a3 a5 13. axb4 cxb4 14.
e5 dxe5 15. Nxe5 Nxe5 16. Bxe5 Ng4 17. Bxg7 Kxg7 18. Nf3 Bb7 19. Be4 Bxe4 20. Qxe4 Nf6 21. Qd4 Qc7 22. O-O Rad8 23. Qe5 Qxe5 24. Nxe5 Ne4 25.
Rxa5 Nd2 26. Ra7+ Kg8 27. Re1 Nxb3 28. Nc6 Rd2 29. f3 Nd4 30. Nxd4 Rxd4 31. Rxe6 Rf7 32. Ra8+ Kg7 33. c5 Rd2 34. Rb8 Rb2 35. Reb6 Rd7 36. Rd6 Re7 37. Rd1 Ree2 38. Kh1 Rxg2 39. Rxb4 Rxh2+ 40. Kg1 Rhg2+ 41. Kh1 Rh2+ 42. Kg1 Rxb4 43. Kxh2 Rc4 44. Rd5 Kf6 45. Kg3 Ke6 46. Rd6+ Ke5 47. Rd7 h5 48. Rc7 h4+ 49. Kh3 g5 50. Rc8 Kf4 51.
Rf8+ Ke3 52. Rf5 Rc1 53. Kg2 Rc2+ 54. Kh3 Rc1 55. Kg2 h3+ 56. Kxh3 Rf1 57. Kg2 Rf2+ 58. Kg3 Rc2 59. Rxg5 Rc1 60. Re5+ Kd4 61. Rf5 Rg1+ 62. Kf2 Rg8 63. c6 Rc8 64. Rf6 Ke5 65. Rh6 Kf5 66.
Ke3 Kg5 67. Rd6 Kf5 68. Kd4 Rc7 69. Kd5 Rc8 70. Rd7 Ra8 71. c7 Rc8 72. Kd6 Ra8 73. Rd8 Ra1 74. c8=Q+ Kf4 75. Qc4+ Kxf3 76. Rf8+ Kg2 77.
Qg4+ Kh2 78. Rh8# 1-0

[Event "Early-Titled-Tuesday-Blitz-January-16-2024"]
[Site "Chess.com"]
[Date "2024.01.16"]
[Round "8"]
[White "ChampStan"]
[Black "cthulhuuu"]
[Result "0-1"]
[WhiteElo "2147"]
[BlackElo "2403"]
[TimeControl "180+1"]
[EndTime "9:34:20 PST"]
[Termination "cthulhuuu won on time"]

1. e4 d6 2. d4 Nf6 3. Nc3 c6 4. Nf3 Bg4 5. Be2 e6 6. O-O d5 7.
e5 Nfd7 8. h3 Bh5 9. Nh2 Bg6 10.
Bd3 c5 11. Be3 cxd4 12. Bxd4 Nc6 13. Bxg6 hxg6 14. Nf3 Nxd4 15. Qxd4 a6 16. b4 Rc8 17. a3 Rc4 18. Qd2 Qc7 19. Ne2 Nxe5 20. Nxe5 Qxe5 21. c3 Bd6 22. f4 Qe4 23. Nd4 Rh4 24. Rae1 Bxf4 25. Rxe4 Bxd2 26. Rxh4 Rxc3 27. a4 Ke7 28. b5 g5 29. Rg4 f5 30. Nxf5+ exf5 31. Rxf5 Rc1+ 32. Kf2 Ke6 33. Rf3 Rc2 34. Kf1 axb5 35.
axb5 d4 36. Rxd4 Bf4 37. Re4+ Kd5 38. Re1 Rb2 39. Rd3+ Kc4 40. Rd7 Rxb5 41. Rxg7 Rb2 42. Re4+ Kd3 43. Re1 Bg3 44. Rd7+ Kc4 45. Red1 b5 46.
R7d4+ Kc5 47. Rd5+ Kb6 48. R5d2 Rb4 49. Rd4 Rb2 50.
R4d3 Bf4 51. g3 Be5 52. R3d2 Rb3 53. g4 Rxh3 54. Rd5 Bf4 55. Ke2 Rh2+ 56. Kf3 Rh3+ 57.
Ke4 Re3+ 58. Kf5 b4 59. Rb1 Kc6 60. Ra5 b3 61. Ra6+ Kb5 62. Ra3 Kc4 63. Ra4+ Kc3 64. Re4 Rxe4 65. Kxe4 b2 66. Rg1 Kc2 67. Rg2+ Kb3 68.
Rg1 Ka2 69. Rg2 Ka1 0-1

[Event "Early-Titled-Tuesday-Blitz-January-16-2024"]
[Site "Chess.com"]
[Date "2024.01.16"]
[Round "8"]
[White "AttilaTurzo"]
[Black "Roman_Ovetchkin"]
[Result "0-1"]
[WhiteElo "2490"]
[BlackElo "2664"]
[TimeControl "180+1"]
[EndTime "9:34:34 PST"]
[Termination "Roman_Ovetchkin won on time"]

1. d4 Nf6 2. Bf4 d6 3. c3 Nbd7 4. Nd2 e5 5. dxe5 dxe5 6. Bg5 h6 7. Bh4 Be7 8. e4 O-O 9. Ngf3 Re8 10. Bc4 Nh5 11.
Bxe7 Qxe7 12. g3 Nhf6 13. O-O Nc5 14. Qc2 a5 15. Rfe1 a4 16. b4 axb3 17. axb3 Rxa1 18. Rxa1 Bg4 19. Ne1 Qd7 20. b4 Rd8 21. Ra2 Ne6 22. f3 Bh3 23. Nf1 b5 24. Bxe6 Bxe6 25. Ra1 c5 26.
bxc5 Qc7 27. Qf2 Nd7 28. Nd3 Bc4 29. Nb4 Nxc5 30. Ne3 Nd3 31. Nxd3 Rxd3 32. Rc1 Be6 33. Nd1 b4 34. Qb2 Rxf3 35. cxb4 Qb6+ 36. Rc5 f6 37. Nf2 Re3 38. Qd2 Rb3 39. Kg2 Rxb4 40. Rc6 Qxc6 41. Qxb4 Kh7 42. Qe1 Qc2 43. Kg1 Bc4 44.
Qd1 Qxd1+ 45. Nxd1 h5 46. Kf2 Kg6 47. Ke3 Kg5 48. Nf2 Bf1 49. Kf3 h4 50. Ke3 g6 51.
Kf3 f5 52. Ke3 Bg2 53. exf5 gxf5 54. Nd3 hxg3 55. hxg3 Kf6 56. Nf2 Bf1 57. Nd1 Kg5 58.
Kf2 Bc4 59. Ne3 Bd3 60. Nd5 Be4 61. Ne3 Bc6 62. Nc4 Kf6 63. Ne3 Ke6 64. Nc4 Be4 65. Ne3 Bd3 66. Nd1 Bc2 67. Ne3 Be4 68.
Nd1 Kd5 69. Ne3+ Kd4 70. Nf1 Kd3 71. Ne3 Kd4 72. Nf1 Bd5 73. Ne3 Ke4 74. Nf1 Be6 75.
Ne3 Bf7 76. Nf1 Bh5 77. Ne3 Bg4 78. Nc4 Bh3 79. Ne3 Kd4 80. Nd1 Kd3 81. Ne3 Ke4 82. Nd1 Kd4 83. Ne3 Bg4 84. Nd1 Bxd1 0-1

[Event "Early-Titled-Tuesday-Blitz-January-16-2024"]
[Site "Chess.com"]
[Date "2024.01.16"]
[Round "8"]
[White "Seochesspie"]
[Black "vi_pranav"]
[Result "1-0"]
[WhiteElo "2822"]
[BlackElo "3021"]
[TimeControl "180+1"]
[EndTime "9:34:35 PST"]
[Termination "Seochesspie won on time"]

1. c4 e5 2. Nc3 Nc6 3. Nf3 g6 4.
g3 Bg7 5. Bg2 d6 6. d3 Nge7 7. Rb1 O-O 8. b4 f5 9. Nd2 Nd4 10. b5 c6 11. bxc6 bxc6 12. e3 Ne6 13. O-O e4 14. Qc2 exd3 15. Qxd3 Ba6 16. Ba3 Rf7 17.
Rfd1 Rc8 18. Qc2 Qc7 19. Ne2 Rd8 20. Nf3 c5 21. Bb2 Bb7 22. Bxg7 Be4 23. Qc1 Bxb1 24. Ba1 Be4 25. Qc3 Kf8 26. Nf4 Nxf4 27. exf4 Bxf3 28. Bxf3 Ke8 29. Re1 Kd7 30. h4 Nc6 31. Bd5 Re7 32. Rxe7+ Nxe7 33. Qg7 Qa5 34. Bf6 Qe1+ 35. Kg2 Rb8 36. Bc3 Qe2 37. Bf3 Qxc4 38. Bf6 Qe6 39. Bg5 Rb1 40. Kh2 Rf1 41. Kg2 Rc1 42. Kh2 Qe1 43.
Bg2 Rc2 44. Qf8 Rxf2 45. Qb8 Rxg2+ 46. Kxg2 Qe4+ 47. Kh2 Nc6 48. Qb7+ Ke6 49. Qxh7 Kd5 50. Qxg6 Nd4 51. Qg8+ Kc6 52. Qa8+ Kb5 53. Qxe4 fxe4 54. f5 Nxf5 55. g4 Nd4 56. Kg3 Ne6 57. Bc1 Kc6 58. h5 Kd7 59. g5 Ke7 60. Kg4 d5 61.
Kf5 Nd4+ 62. Ke5 Nc2 63. Kxd5 e3 64. Kxc5 e2 65. Bd2 e1=Q 66. Bxe1 Nxe1 67. Kc6 Nc2 68.
a4 Nd4+ 69. Kb7 a5 70. Kb6 Nb3 71. h6 Kf7 72. h7 Kg7 73. g6 Kh8 74. Kb5 Kg7 75.
Kc4 Nd2+ 76. Kc3 Ne4+ 77. Kd4 Nf6 78. Kc4 Ne4 79. Kb5 1-0

[Event "Early-Titled-Tuesday-Blitz-January-16-2024"]
[Site "Chess.com"]
[Date "2024.01.16"]
[Round "8"]
[White "RodokininEV"]
[Black "JMCadavid1998"]
[Result "0-1"]
[WhiteElo "2605"]
[BlackElo "2262"]
[TimeControl "180+1"]
[EndTime "9:34:41 PST"]
[Termination "JMCadavid1998 won by resignation"]

1. e4 c5 2. Nf3 d6 3. d4 Nf6 4.
Nc3 cxd4 5. Nxd4 a6 6. Bg5 e6 7. f4 h6 8. Bxf6 Qxf6 9. Qd2 g5 10. Nde2 gxf4 11. Nxf4 Nc6 12. O-O-O Bd7 13. Kb1 Ne5 14. Be2 Qg5 15. g3 Be7 16. Rhe1 O-O-O 17. Qe3 Kb8 18.
Qb6 Bc6 19. Rd4 Nd7 20. Qb3 Nc5 21. Qb6 Rc8 22. Nd3 Nxd3 23. Bxd3 Qc5 24. Na4 Bxa4 25.
Qxc5 dxc5 26. Rxa4 b5 27. Rxa6 c4 28. Bf1 Kb7 29. Ra3 Bxa3 30. bxa3 Rhd8 31. Kb2 c3+ 32. Kb3 Rd2 33. Bxb5 Rxh2 34. a4 Kb6 35. Rf1 Rc7 36. e5 Rh5 37. Kb4 Rxe5 38. a5+ Ka7 39. a4 Re4+ 40. Kb3 e5 41. Rf6 Rd4 42. a6 e4 43.
Rf4 Re7 44. Bc4 Rd6 45. Kxc3 Rc6 46. Kb3 e3 47. Be2 Rd6 48. Rf1 Rd2 49. Re1 f5 50. c3 Rc7 51. Bb5 Re7 52. Be2 Kb6 53. Kb4 Rb2+ 54. Kc4 Ra2 55. Kd3 Rd2+ 56. Kc4 h5 57. Bxh5 Rg2 58. Bf3 Rxg3 59. Bd5 f4 60. Kd3 Rd7 61. c4 Rg2 62. Rb1+ Ka7 63. Ke4 e2 64.
Re1 Rf2 65. Kd4 f3 66. Ke3 Rf1 67. Kd2 Rxe1 68. Kxe1 Rg7 69. Bxf3 Rg1+ 70. Kxe2 Kxa6 71. Kd3 Ra1 72. Bd5 Rxa4 73. Kd4 Kb6 74. Kc3 Kc5 75. Kd3 Ra7 76. Kc3 Rd7 77. Kb3 Re7 78. Kc3 Re3+ 79. Kd2 Kd4 80. Kc2 Re2+ 81. Kd1 Kd3 82.
Kc1 Rc2+ 83. Kb1 Kc3 84. c5 Rd2 85. Bc6 Kb3 86. Kc1 Rc2+ 87. Kd1 Rxc5 88. Be4 Kc3 89.
Ke2 Re5 90. Kf3 Kd4 91. Bg6 Re3+ 92. Kf4 Re1 93. Bf5 Rf1+ 94. Kg5 Ke5 95. Bh3 Rg1+ 96. Kh4 Kf4 97. Be6 Rg6 98. Bg4 Rh6+ 99. Bh5 Rh7 100.
Kh3 Rxh5+ 101. Kg2 0-1

[Event "Early-Titled-Tuesday-Blitz-January-16-2024"]
[Site "Chess.com"]
[Date "2024.01.16"]
[Round "9"]
[White "SarochaChuemsakul"]
[Black "Adar_07"]
[Result "0-1"]
[WhiteElo "2460"]
[BlackElo "2666"]
[TimeControl "180+1"]
[EndTime "9:42:22 PST"]
[Termination "Adar_07 won by resignation"]

1. d4 Nf6 2. c4 g6 3. Nc3 Bg7 4. e4 d6 5. Nf3 O-O 6. Be2 Bg4 7.
O-O Nbd7 8. Be3 c5 9. d5 a6 10. Nd2 Bxe2 11. Qxe2 Rc8 12. f4 Re8 13. Qd3 Ng4 14. e5 dxe5 15. f5 e4 16. Ncxe4 Nxe3 17.
f6 Nxf1 18. fxg7 Nxd2 0-1

[Event "Early-Titled-Tuesday-Blitz-January-16-2024"]
[Site "Chess.com"]
[Date "2024.01.16"]
[Round "9"]
[White "InitiatingASC"]
[Black "Thursday_the_14_th"]
[Result "0-1"]
[WhiteElo "2436"]
[BlackElo "2632"]
[TimeControl "180+1"]
[EndTime "9:42:33 PST"]
[Termination "Thursday_the_14_th won by resignation"]

1. d4 Nf6 2. Bf4 e6 3. Nf3 d5 4. h3 Bd6 5. Be5 Nc6 6. e3 Bxe5 7. Nxe5 Nxe5 8. dxe5 Nd7 9. f4 Qh4+ 10. Kd2 Nc5 11. Nc3 d4 12. Ne2 Ne4+ 13. Kc1 Nf2 14. Qe1 Nd3+ 15. Kd2 Nxe1 16. Rxe1 dxe3+ 0-1

[Event "Early-Titled-Tuesday-Blitz-January-16-2024"]
[Site "Chess.com"]
[Date "2024.01.16"]
[Round "9"]
[White "only_strong_moves"]
[Black "elpatodice"]
[Result "1-0"]
[WhiteElo "2542"]
[BlackElo "2411"]
[TimeControl "180+1"]
[EndTime "9:42:41 PST"]
[Termination "only_strong_moves won by resignation"]

1. d4 Nf6 2. Nc3 d5 3. Bf4 c5 4. e4 dxe4 5. dxc5 Qa5 6. Qd2 Qxc5 7. O-O-O Nc6 8. Nb5 e5 9. Be3 Nd4 10. Nxd4 exd4 11. Bxd4 Qc6 12. Bxf6 Qxf6 13. Bb5+ 1-0

[Event "Early-Titled-Tuesday-Blitz-January-16-2024"]
[Site "Chess.com"]
[Date "2024.01.16"]
[Round "9"]
[White "Payyappat"]
[Black "Zakaryan_David"]
[Result "0-1"]
[WhiteElo "2441"]
[BlackElo "2647"]
[TimeControl "180+1"]
[EndTime "9:42:54 PST"]
[Termination "Zakaryan_David won by resignation"]

1. e4 c5 2. Nf3 e6 3. d4 cxd4 4. Nxd4 Nc6 5. Nc3 Qc7 6. Be3 a6 7. Be2 Nf6 8. O-O Bb4 9. f3 O-O 10. Kh1 d5 11. Nxc6 bxc6 12. Bd4 e5 13. Bf2 Bxc3 14.
bxc3 Qa5 15. Bc4 dxc4 0-1

[Event "Early-Titled-Tuesday-Blitz-January-16-2024"]
[Site "Chess.com"]
[Date "2024.01.16"]
[Round "9"]
[White "emeli_chess"]
[Black "Nasrin_Babayeva"]
[Result "0-1"]
[WhiteElo "2436"]
[BlackElo "1904"]
[TimeControl "180+1"]
[EndTime "9:42:58 PST"]
[Termination "Nasrin_Babayeva won by resignation"]

1. d4 d6 2. e4 Nf6 3. Bd3 a6 4. Nc3 b5 5. a3 Nbd7 6. Nf3 Bb7 7. O-O g6 8. e5 dxe5 9. dxe5 Ng4 10. e6 fxe6 11. Ng5 Nde5 12. Nxe6 Qd6 13. Nxf8 Nf3+ 0-1

[Event "Early-Titled-Tuesday-Blitz-January-16-2024"]
[Site "Chess.com"]
[Date "2024.01.16"]
[Round "9"]
[White "sofaceindisguise"]
[Black "Mikhail_Golubev"]
[Result "0-1"]
[WhiteElo "2676"]
[BlackElo "2543"]
[TimeControl "180+1"]
[EndTime "9:43:31 PST"]
[Termination "Mikhail_Golubev won by resignation"]

1. e4 c5 2. Nf3 Nc6 3. Bb5 d6 4.
O-O Bd7 5. a4 Nf6 6. Re1 a6 7.
Bxc6 Bxc6 8. Nc3 e6 9. d4 cxd4 10. Nxd4 Be7 11. Nxc6 bxc6 12. b3 d5 13. Qf3 O-O 14.
Bf4 Bb4 15. Be5 d4 16. Ne2 Bxe1 17. Rxe1 Qa5 0-1

[Event "Early-Titled-Tuesday-Blitz-January-16-2024"]
[Site "Chess.com"]
[Date "2024.01.16"]
[Round "9"]
[White "finec2"]
[Black "Yurasova_Daria"]
[Result "0-1"]
[WhiteElo "2306"]
[BlackElo "2445"]
[TimeControl "180+1"]
[EndTime "9:44:01 PST"]
[Termination "Yurasova_Daria won by resignation"]

1. e4 e5 2. Nf3 Nc6 3. Bc4 Bc5 4. c3 Nf6 5. d3 d6 6. Bb3 a6 7. O-O h6 8. Nbd2 Ba7 9. h3 g5 10. Nh2 g4 11. hxg4 Rg8 12. Nc4 Nxg4 13. Be3 Nxh2 14. Kxh2 Qh4+ 15. Kg1 Qh3 16. g3 Bg4 17. f3 Qxg3+ 18.
Kh1 Qh3+ 0-1

[Event "Early-Titled-Tuesday-Blitz-January-16-2024"]
[Site "Chess.com"]
[Date "2024.01.16"]
[Round "9"]
[White "margarita_2703"]
[Black "falzehope0"]
[Result "0-1"]
[WhiteElo "2274"]
[BlackElo "2384"]
[TimeControl "180+1"]
[EndTime "9:44:05 PST"]
[Termination "falzehope0 won by checkmate"]

1. Nf3 d5 2. e3 e6 3. c4 c6 4. Nc3 Bd6 5. b3 f5 6. cxd5 exd5 7. Bb2 Nf6 8. d4 O-O 9. Bd3 Ne4 10. Qc2 Nd7 11.
O-O Qf6 12. Nd2 Qh6 13. g3 Ndf6 14. f4 Ng4 15. Bxe4 Qxh2# 0-1